 Dungeon Crawl Stone Soup version 0.20-a0-553-gbaa0004 (webtiles) character file.

2148 Implojin the Fighter (level 8, -8/63 HPs)
             Began as a Cyno Chaos Knight on Feb 5, 2017.
             Splashed by a brown very ugly thing's acid (10 damage)
             ... on level 1 of the Abyss.
             The game lasted 00:31:57 (6851 turns).

Implojin the Fighter (Cyno Chaos Knight)            Turns: 6851, Time: 00:31:58

Health: -8/63      AC:  5    Str: 12 (13) XL:     8   Next: 84%
Magic:  8/8        EV: 15    Int: 12 (13) God:    Xom [..*...]
Gold:   512        SH:  0    Dex: 15      Spells: 5/7 levels left

rFire    . . .     SeeInvis .   a - +2 dagger (venom)
rCold    . . .     Gourm    .   c - +2 leather armour
rNeg     . . .     Faith    .   (no shield)
rPois    .         Spirit   .   (helmet restricted)
rElec    .         Reflect  .   (no cloak)
rCorr    .         Harm     .   A - +1 pair of gloves
MR       .....                  (no boots)
Stlth    +.........             (no amulet)
Regen    0.2/turn               (no ring)
                                (no ring)

@: corroded
A: short attention span, antennae 1, iridescent scales 1, deterioration 2, frail
1, strong 1, evolution 1, subdued magic 1, strong nose 1
a: Renounce Religion


You were on level 1 of the Abyss.
You worshipped Xom.
You were a toy of Xom.
You were not hungry.

You visited 1 branch of the dungeon, and saw 6 of its levels.
You visited the Abyss 1 time.
You also visited: Sewer.

You collected 512 gold pieces.

Inventory:

Hand Weapons
 a - a +2 dagger of venom (weapon)
 b - a +0 glaive of chopping
 g - a +0 whip of venom
 l - a +0 war axe
 n - a +1 mace of draining
 o - a +0 flail
 v - a +2 dagger of protection
 w - a +1 antimagic short sword
 x - a +0 hunting sling
 E - the +4 Vampire's Tooth {vamp}
   (You found it on level 4 of the Dungeon)

   It inflicts no extra harm, but heals its wielder when it wounds a living foe.
 I - the +1 spear of Tension {pierce, *Corrode Int+5 Dex+9 Stlth+}
   (You found it on level 5 of the Dungeon)

   It inflicts extra damage upon your enemies.
   It affects your intelligence (+5).
   It affects your dexterity (+9).
   It may corrode you when you take damage.
   It makes you more stealthy.
 L - a +0 flail of protection
 N - a +0 quarterstaff
 Q - a +0 arbalest
 W - a +0 dagger of venom
Missiles
 d - 20 sling bullets
 t - 9 tomahawks
 y - 173 stones
 C - a throwing net (quivered)
 D - 4 curare-tipped needles
Armour
 c - a +2 leather armour (worn)
 q - a +0 scale mail
 s - a +0 ring mail
 A - a +1 pair of gloves (worn)
 B - a +0 chain mail
 O - a +0 chain mail
 S - a +0 plate armour
Wands
 f - a wand of lightning (8/15)
 u - a wand of lightning (1/15)
 V - a wand of polymorph (5/24)
Scrolls
 k - 2 scrolls of remove curse
 G - a scroll of enchant weapon {unknown}
 K - a scroll of vulnerability {unknown}
 M - a scroll of immolation {unknown}
Potions
 e - 2 potions of curing
 p - a potion of cure mutation {unknown}
 z - 2 potions of might
 F - a potion of berserk rage {unknown}
 H - a potion of lignification
 J - a potion of invisibility {unknown}
 P - a potion of mutation {unknown}
 U - a potion of resistance {unknown}
Books
 T - a book of Cantrips

   Spells                             Type                      Level
   a - Confusing Touch                Hexes                        1
   b - Animate Skeleton               Necromancy                   1
   c - Summon Small Mammal            Summoning                    1
   d - Apportation                    Translocation                1
 X - a book of Callings

   Spells                             Type                      Level
   a - Summon Small Mammal            Summoning                    1
   b - Call Imp                       Summoning                    2
   c - Call Canine Familiar           Summoning                    3
   d - Summon Guardian Golem          Hexes/Summoning              3
   e - Summon Lightning Spire         Summoning/Air                4
   f - Summon Ice Beast               Ice/Summoning                4
Comestibles
 h - 6 meat rations
 m - a royal jelly
 r - 6 fruits
 R - 3 bread rations


   Skills:
 - Level 9.0 Fighting
 - Level 5.6 Short Blades
 - Level 6.5 Maces & Flails
 - Level 3.4 Polearms
 - Level 2.6 Armour
 - Level 6.4 Dodging
 - Level 5.0 Unarmed Combat


You had 5 spell levels left.
You knew the following spells:

 Your Spells              Type           Power        Failure   Level  Hunger
a - Summon Small Mammal   Summ           #...         36%         1    ##.....
b - Animate Skeleton      Necr           N/A          36%         1    ##.....


Dungeon Overview and Level Annotations

Branches:
Dungeon (6/15)             Temple (0/1) D:4

Altars:
Dithmenos
Ru
Trog
Xom


Innate Abilities, Weirdness & Mutations

You have a short attention span.
You have a good sense of smell.
You have a pair of small antennae on your head.
You are partially covered in iridescent scales. (AC +2)
You are frail. (-10% HP)
Your muscles are strong. (Str +2)
You evolve.
Your spells are a little easier to cast, but a little less powerful.
[Your body often deteriorates upon taking damage.]


Message History

Your +0 dagger of venom begins to drip with poison!
W - a +0 dagger of venom (weapon)
Wield which item (- for none, * to show all)? (? for menu, Esc to quit)
Okay, then.
Wield which item (- for none, * to show all)? (? for menu, Esc to quit)
Your +0 dagger of venom stops dripping with poison.
Your +2 dagger of venom begins to drip with poison!
a - a +2 dagger of venom (weapon)
Okay, then.
No monsters, items or features are visible.
Unknown command.
Unknown command.
Press: ? - help, v - describe, . - travel The floor.
Unknown command.
No monsters, items or features are visible.
No monsters, items or features are visible.
No monsters, items or features are visible.
No monsters, items or features are visible.
No monsters, items or features are visible.
No monsters, items or features are visible.
You aren't carrying any pieces of jewellery.
Unknown command.
Unknown command.
A large abomination comes into view.
You enter the shallow water.
Moving in this stuff is going to be slow.
Found a gateway leading deeper into the Abyss.
There is a gateway leading deeper into the Abyss here.
Unknown command.
A brown very ugly thing comes into view.
The brown very ugly thing gurgles horribly!
Unknown command.
Found 29 gold pieces.
Found 81 gold pieces.
The brown very ugly thing claws you!
* * * LOW HITPOINT WARNING * * *
The acid corrodes you!
You are splashed with acid!
The acid burns!
You die...
Xom cackles wildly!

....................
............#.....#
. .........###{..#
........#.## ##.## .
...........###...##
..
.........X#.....#...
.....#..............
..........#u....#.
...## ....##@..##
.## ##....###.##
#....# ..# #.#...#
...# $$#.##.. .....
$$.. . ...#..
..###.. .## #.


You could see a brown very ugly thing and a large abomination.

Vanquished Creatures
  The ghost of Thatgoblin the Insei, a novice CyTm of Ru (D:4)
  A flying skull (Abyss:1)
  The ghost of kazak the Cudgeler, an amateur CySk (D:3)
  Duvessa (D:5)
  Purgy (Sewer)
  An orc warrior (D:6)
  2 ogres (D:6)
  A phantom (D:3)
  Dowan (D:5)
  2 vampire bats (D:4)
  3 crimson imps
  2 bullfrog zombies
  An orc priest (D:6)
  4 hounds
  A jelly (D:5)
  5 orc wizards
  A bullfrog skeleton (D:5)
  Terence (D:2)
  Jessica (D:3)
  2 iguanas
  A worker ant (D:6)
  2 hound skeletons
  Robin (D:3)
  A howler monkey skeleton (D:4)
  7 gnolls
  6 adders
  A shadow imp (D:5)
  2 oozes
  An adder zombie (D:6)
  4 worms
  4 leopard geckos
  18 orcs
  A ball python (D:1)
  4 giant cockroaches
  15 goblins
  14 hobgoblins
  3 jackals (D:3)
  7 kobolds (D:1)
  2 quokkas
  19 bats
  2 frilled lizards
  A leopard gecko skeleton (D:6)
  7 rats
156 creatures vanquished.

Vanquished Creatures (others)
  A gnoll (D:2)
1 creature vanquished.

Grand Total: 157 creatures vanquished

Notes
Turn   | Place    | Note
-------+----------+-------------------------------------------
     0 | D:1      | Implojin the Cyno Chaos Knight began the quest for the Orb.
     0 | D:1      | Reached XP level 1. HP: 19/19 MP: 1/1
   480 | D:1      | XOM: mild Pois miscast
   596 | D:1      | Reached XP level 2. HP: 24/25 MP: 2/2
   665 | D:1      | Reached skill level 5 in Unarmed Combat
   686 | D:1      | XOM: god gift: bronze wand {god gift}
   990 | D:1      | XOM is BORED!
   990 | D:1      | XOM: summons 1 hostile shadow creature
  1026 | D:1      | Reached XP level 3. HP: 25/32 MP: 3/3
  1383 | D:1      | Reached skill level 5 in Fighting
  1418 | D:1      | XOM: give mutations
  1418 | D:1      | Gained mutation: You have a pair of small antennae on your head. [Xom's grace]
  1418 | D:1      | Gained mutation: You can translocate small distances at will. [Xom's grace]
  1418 | D:1      | Gained mutation: Your muscles are strong. (Str +2) [Xom's grace]
  1418 | D:1      | Gained mutation: You are partially covered in iridescent scales. (AC +2) [Xom's grace]
  1575 | D:1      | Reached skill level 1 in Short Blades
  1622 | D:2      | Found a bloodstained altar of Trog.
  1693 | D:2      | XOM: destruction
  1724 | D:2      | Noticed Terence
  1737 | D:2      | XOM: cleaving
  1741 | D:2      | Killed Terence
  1741 | D:2      | Reached skill level 3 in Short Blades
  1741 | D:2      | Reached XP level 4. HP: 37/39 MP: 4/4
  1804 | D:2      | XOM: mild Conj miscast
  2215 | D:3      | Noticed Ijyb
  2219 | D:3      | Noticed Ijyb
  2219 | D:3      | Ijyb changed into Ijyb the gnoll
  2219 | D:3      | XOM: polymorph Ijyb -> Ijyb the gnoll
  2222 | D:3      | Killed Ijyb the gnoll
  2363 | D:3      | Noticed kazak's ghost (amateur CySk)
  2368 | D:3      | Noticed Jessica
  2375 | D:3      | XOM: divination: detect items
  2379 | D:3      | Killed Jessica
  2379 | D:3      | Reached skill level 4 in Short Blades
  2400 | D:3      | XOM: summons friendly iron imp
  2478 | D:3      | Killed kazak's ghost
  2478 | D:3      | Reached skill level 4 in Dodging
  2478 | D:3      | Reached XP level 5. HP: 44/44 MP: 5/5
  2540 | D:3      | XOM: 1-stop teleportation journey
  2551 | D:3      | Found a faded altar of an unknown god.
  2635 | D:3      | Noticed Robin
  2649 | D:3      | Killed Robin
  2718 | D:3      | XOM: give mutations
  2718 | D:3      | Gained mutation: You are partially covered in icy blue scales. (AC +2) [Xom's grace]
  2718 | D:3      | Gained mutation: Your flesh is heat resistant. (rF+) [Xom's grace]
  2718 | D:3      | Gained mutation: You evolve. [Xom's grace]
  2718 | D:3      | Gained mutation: Your flesh is very heat resistant. (rF++) [Xom's grace]
  2726 | D:3      | XOM: god gift: pair of gloves {god gift}
  2855 | D:3      | Reached skill level 5 in Dodging
  2862 | D:3      | Reached XP level 6. HP: 51/51 MP: 6/6
  3136 | D:4      | Noticed Thatgoblin's ghost (novice CyTm)
  3150 | D:3      | XOM: noise
  3159 | D:3      | XOM: fog
  3283 | D:3      | Reached skill level 5 in Short Blades
  3354 | D:4      | XOM: divination: detect items
  3374 | D:4      | :oops
  3377 | D:4      | XOM: cleaving
  3398 | D:4      | Found a shadowy altar of Dithmenos.
  3409 | D:4      | XOM: give mutation
  3409 | D:4      | Lost mutation: Your flesh is very heat resistant. (rF++) [Xom's mischief]
  3445 | D:4      | Reached skill level 6 in Fighting
  3600 | D:4      | Reached XP level 7. HP: 55/59 MP: 7/7
  3630 | D:4      | Found a glowing drain.
  3639 | Sewer    | Entered a sewer
  3676 | Sewer    | Noticed Purgy
  3699 | Sewer    | Killed Purgy
  3699 | Sewer    | Reached skill level 7 in Fighting
  3709 | Sewer    | XOM: noise
  3959 | D:4      | XOM: noise
  3980 | D:4      | XOM: scenery: create altars
  3987 | D:4      | Killed Thatgoblin's ghost
  3987 | D:4      | Reached skill level 8 in Fighting
  4045 | D:5      | Entered Level 5 of the Dungeon
  4122 | D:5      | XOM: mild Summ miscast
  4234 | D:4      | Found a staircase to the Ecumenical Temple.
  4270 | D:5      | XOM: mild Conj miscast
  4291 | D:5      | Got a faintly glowing spear
  4348 | D:5      | Reached skill level 9 in Fighting
  4379 | D:5      | XOM: give mutations
  4379 | D:5      | Lost mutation: You can translocate small distances at will. [Xom's mischief]
  4379 | D:5      | Lost mutation: You are partially covered in icy blue scales. (AC +2) [Xom's mischief]
  4379 | D:5      | Lost mutation: Your flesh is heat resistant. (rF+) [Xom's mischief]
  4380 | D:5      | Identified the +1 spear of Tension {pierce, *Corrode Int+5 Dex+9 Stlth+} (You found it on level 5 of the Dungeon)
  4504 | D:4      | XOM: noise
  4508 | D:4      | Found a sacrificial altar of Ru.
  4602 | D:5      | Reached XP level 8. HP: 70/71 MP: 5/8
  4649 | D:5      | XOM: blink monster(s)
  4768 | D:5      | XOM: enchant monster (bad)
  4771 | D:5      | Reached skill level 6 in Dodging
  4813 | D:5      | XOM: give mutation
  4813 | D:5      | Gained mutation: You rapidly evolve. [Xom's grace]
  4856 | D:5      | XOM: noise
  4992 | D:5      | XOM: give mutations
  4992 | D:5      | Lost mutation: You rapidly evolve. [Xom's mischief]
  4992 | D:5      | Gained mutation: [Your body sometimes deteriorates upon taking damage.] [Xom's mischief]
  4992 | D:5      | Gained mutation: Your spells are a little easier to cast, but a little less powerful. [Xom's mischief]
  4992 | D:5      | Gained mutation: You are frail. (-10% HP) [Xom's mischief]
  5041 | D:6      | XOM: cast spell 'Death Channel'
  5057 | D:5      | Reached skill level 1 in Maces & Flails
  5185 | D:6      | Noticed Duvessa
  5185 | D:6      | Noticed Dowan
  5209 | D:5      | Killed Duvessa
  5209 | D:5      | Reached skill level 3 in Maces & Flails
  5210 | D:5      | XOM: enchant monster (good)
  5214 | D:5      | Killed Dowan
  5214 | D:5      | Reached skill level 4 in Maces & Flails
  5305 | D:5      | XOM is BORED!
  5305 | D:5      | XOM: mild Chrm miscast
  5530 | D:6      | Reached skill level 5 in Maces & Flails
  5540 | D:6      | XOM: summons friendly crimson imp
  6004 | D:6      | XOM: potion effect (might)
  6007 | D:6      | Reached skill level 6 in Maces & Flails
  6120 | D:6      | Reached skill level 1 in Polearms
  6127 | D:6      | XOM: enchant monster (good)
  6252 | D:6      | XOM: cloud trail
  6280 | D:6      | Reached skill level 2 in Polearms
  6424 | D:6      | XOM is BORED!
  6424 | D:6      | XOM: severe Tloc miscast
  6424 | D:6      | Cast into level 1 of the Abyss (the severe capriciousness of Xom)
  6437 | Abyss:1  | Learned a level 1 spell: Summon Small Mammal
  6439 | Abyss:1  | Learned a level 1 spell: Animate Skeleton
  6492 | Abyss:1  | Noticed a starcursed mass
  6493 | Abyss:1  | XOM: enchant monster (good)
  6567 | Abyss:1  | XOM: cast spell 'Shadow Creatures'
  6571 | Abyss:1  | Reached skill level 3 in Polearms
  6576 | Abyss:1  | Noticed a thrashing horror
  6744 | Abyss:1  | Noticed an ice devil
  6750 | Abyss:1  | Noticed a wretched star
  6751 | Abyss:1  | XOM: harmless Conj miscast
  6766 | Abyss:1  | XOM: mild Pois miscast
  6791 | Abyss:1  | Noticed a raiju
  6791 | Abyss:1  | Noticed a raiju
  6801 | Abyss:1  | Noticed a fire crab
  6801 | Abyss:1  | a raiju changed into a fire crab
  6802 | Abyss:1  | Noticed a salamander
  6802 | Abyss:1  | a raiju changed into a salamander
  6823 | Abyss:1  | Noticed a large abomination
  6840 | Abyss:1  | Noticed a brown very ugly thing
  6851 | Abyss:1  | HP: 2/63 [brown very ugly thing (15)]
  6851 | Abyss:1  | Splashed by a brown very ugly thing's acid

Vault maps used:
D:1:      kennysheep_arrival_forest, minmay_door_square, minmay_statues_item,
          st_stairs_14
D:2:      trog_book, uniq_terence
D:3:      chequers_ecumenical_altar_lobes, uniq_iyjb, uniq_jessica,
          uniq_sigmund, uniq_robin
D:4:      lemuel_upstairs_altar, kennysheep_mini,
          minmay_temple_entry_from_below_b, portal_sewer_entry_d, first_bread,
          minmay_guarded_unrand_vampires_tooth
D:6:      kennysheep_orc_sif_temple, uniq_duvessa
Sewer:    sewer_big_baddie

Skill      XL: |  1  2  3  4  5  6  7  8 |
---------------+-------------------------+-----
Unarmed Combat | 5 |  5.0
Fighting       | 5 6 9 |  9.0
Short Blades   | 3 4 5 |  5.6
Dodging        | 4 5 6 |  6.4
Maces & Flails | 6 |  6.5
Polearms       | 3 |  3.4
Armour         | |  2.6

Action                   |  1- 3 |  4- 6 |  7- 9 || total
-------------------------+-------+-------+-------++-------
Melee: Unarmed           |    21 |       |       ||    21
       Dagger            |   107 |   266 |   323 ||   696
       Punch             |     4 |     5 |    10 ||    19
       Glaive            |       |       |    17 ||    17
Throw: Stone             |       |    18 |       ||    18
       Tomahawk          |       |    10 |    16 ||    26
       Throwing net      |       |       |     1 ||     1
Evoke: Wand              |       |     5 |     5 ||    10
  Use: Scroll            |     2 |     4 |     8 ||    14
       Potion            |     1 |       |     6 ||     7
 Stab: Petrifying        |       |       |     3 ||     3
       Distracted        |       |       |     1 ||     1
  Eat: Chunk             |     3 |     5 |    10 ||    18
       Royal jelly       |       |       |     1 ||     1
Armor: Leather armour    |    38 |    73 |    97 ||   208
       Skin              |     3 |       |       ||     3
Dodge: Dodged            |    74 |   119 |   194 ||   387

Table legend:
 A = Turns spent in this place as a percentage of turns spent in the entire game.
 B = Non-inter-level travel turns spent in this place as a percentage of non-inter-level travel turns spent in the entire game.
 C = Inter-level travel turns spent in this place as a percentage of turns spent in this place.
 D = Turns resting spent in this place as a percentage of non-inter-level travel turns spent in this place.
 E = Turns spent auto-exploring this place as a percentage of non-inter-level travel turns spent in this place.
 F = Non-inter-level travel turns spent in this place divided by the number of levels of this place that you've seen.
                   A       B       C       D       E      F
               +-------+-------+-------+-------+-------+----------------------
         Total | 100.0 | 100.0 |   0.5 |   3.5 |   3.7 | 379.8
       Dungeon |  84.7 |  84.7 |   0.5 |   3.8 |   4.3 | 428.7
         Abyss |  11.8 |  11.9 |   0.0 |   2.2 |   0.0 | 361.0
         Sewer |   3.4 |   3.5 |   0.0 |   0.0 |   1.0 | 105.0
               +-------+-------+-------+-------+-------+----------------------

Table legend:
 A = Kills in this place as a percentage of kills in entire the game.
 B = Kills by you in this place as a percentage of kills by you in the entire game.
 C = Kills by friends in this place as a percentage of kills by friends in the entire game.
 D = Other kills in this place as a percentage of other kills in the entire game.
 E = Experience gained in this place as a percentage of experience gained in the entire game.
 F = Experience gained in this place divided by the number of levels of this place that you have seen.
                   A       B       C       D       E      F
               +-------+-------+-------+-------+-------+----------------------
         Total | 100.0 | 100.0 |  -nan |  -nan | 100.0 | 383.6
       Dungeon |  95.5 |  95.5 |  -nan |  -nan |  90.2 | 461.3
         Abyss |   0.6 |   0.6 |  -nan |  -nan |   5.2 | 160.0
         Sewer |   3.8 |   3.8 |  -nan |  -nan |   4.6 | 141.0
               +-------+-------+-------+-------+-------+----------------------
